 Dungeon Crawl Stone Soup version 0.20.1-1-g8b1a95d (webtiles) character file.

81 Irenicus the Chopper (level 4, -7/42 HPs)
             Began as a Deep Dwarf Berserker on Nov 12, 2017.
             Was a Believer of Trog.
             Killed by divine providence
             ... invoked by an orc priest
              (10 damage)
             ... on level 4 of the Dungeon.
             The game lasted 00:09:15 (1473 turns).

Irenicus the Chopper (Deep Dwarf Berserker)         Turns: 1473, Time: 00:09:16

Health: -7/42      AC:  5    Str: 20    XL:     4   Next: 20%
Magic:  4/4        EV: 11    Int:  8    God:    Trog [**....]
Gold:   102        SH:  0    Dex: 13    Spells: 3/3 levels left

rFire    . . .     SeeInvis .   t - +2 whip (venom)
rCold    + . .     Gourm    .   (no shield)
rNeg     . . .     Faith    .   h - +0 ring mail
rPois    .         Spirit   .   (no helmet)
rElec    .         Reflect  .   (no cloak)
rCorr    +         Harm     .   (no gloves)
MR       .....                  (no boots)
Stlth    +.........             (no amulet)
Regen    0.0/turn               q - ring of resist corrosion
MPRegen  0.1/turn               p - ring of protection from cold

@: non-regenerating
A: damage resistance, heal wounds, sense surroundings 1, no regeneration
a: Heal Wounds, Berserk, Trog's Hand, Burn Spellbooks, Renounce Religion


You were on level 4 of the Dungeon.
You worshipped Trog.
Trog was pleased with you.
You were not hungry.

You visited 1 branch of the dungeon, and saw 4 of its levels.

You collected 102 gold pieces.

Inventory:

Hand Weapons
 a - a +0 hand axe
 t - a +2 whip of venom (weapon)
Armour
 h - a +0 ring mail (worn)
 k - a +0 buckler
Jewellery
 l - an uncursed ring of magical power
 p - a ring of protection from cold (right hand)
 q - a ring of resist corrosion (left hand)
Scrolls
 d - 5 scrolls of identify {unknown}
 f - 2 scrolls of enchant armour {unknown}
 g - 2 scrolls of random uselessness {unknown}
 j - a scroll of blinking {unknown}
 m - a scroll of enchant weapon {unknown}
 n - a scroll of amnesia {unknown}
Potions
 e - 2 potions of curing
 i - 2 potions of magic {unknown}
 o - a potion of degeneration {unknown}
 r - a potion of berserk rage {unknown}
 s - a potion of might {unknown}
 u - a potion of flight {unknown}
Comestibles
 b - 4 fruits
 c - a bread ration


   Skills:
 - Level 3.0 Fighting
 + Level 5.3 Axes
 - Level 2.1 Armour
 - Level 2.1 Dodging
 - Level 0.3 Stealth


You had 3 spell levels left.
You didn't know any spells.

Dungeon Overview and Level Annotations

Branches:
Dungeon (4/15)
 Temple: D:4-7

Altars:
Hepliaklqana
Ru


Innate Abilities, Weirdness & Mutations

You are resistant to damage.
You can heal yourself by infusing magical energy.
You passively map a small area around you.
You do not regenerate.


Message History

The orc priest shouts!
There is an escape hatch in the ceiling here.
An orc priest comes into view. It is wielding a war axe.
The frilled lizard bites you but does no damage.
Found a yellow potion and a scroll labeled QOSSOC KIOLUSO.
You barely miss the frilled lizard. The frilled lizard barely misses you.
The orc priest closely misses you.
An orc comes into view. It is wielding a mace.
It was a potion of curing.
You feel better.
The orc shouts!
The frilled lizard hisses.
The frilled lizard barely misses you.
The orc priest hits you from afar with a trident.
The orc priest mumbles some strange prayers to Beogh against you.
Beogh smites you!
* * * LOW HITPOINT WARNING * * *
You hear a shout!
The orc priest invokes the aid of Beogh against you.
Beogh smites you!
You die...

..., * ####### ..# ,
.<....# ...,.# , ####..#
#.# .# #..# #.#*.# #..#
#.# .# ####..# #.# .#* **
* ....(.#########.##.#* ,
#####...........@#!##.###
,, #†#########..l..o.o..
, #[# * ** #........###
#.. ,, #.#..###...., ,
#.# #.#.... ,... * #.#
*#.##.### # , #.# *, #.
..., , , , ..# * ?... * ,
, ..., , , ,


You could see an orc priest, an orc and a frilled lizard.

Vanquished Creatures
  A worker ant (D:4)
  A dart slug (D:3)
  An orc (D:3)
  6 bats
  A giant cockroach (D:2)
  11 hobgoblins
  4 jackals (D:2)
  11 kobolds
  7 goblins
  5 rats
48 creatures vanquished.

Notes
Turn   | Place    | Note
-------+----------+-------------------------------------------
     0 | D:1      | Irenicus the Deep Dwarf Berserker began the quest for the Orb.
     0 | D:1      | Reached XP level 1. HP: 20/20 MP: 1/1
   232 | D:1      | Reached XP level 2. HP: 25/27 MP: 2/2
   495 | D:2      | Reached skill level 4 in Axes
   670 | D:2      | Found a sacrificial altar of Ru.
   728 | D:2      | Found a hazy altar of Hepliaklqana.
  1113 | D:3      | Reached XP level 3. HP: 26/34 MP: 3/3
  1116 | D:3      | Reached ** piety under Trog
  1458 | D:4      | Reached skill level 5 in Axes
  1458 | D:4      | Reached XP level 4. HP: 12/42 MP: 4/4
  1473 | D:4      | Killed from afar by an orc priest

Skill      XL: |  1  2  3 |
---------------+----------+-----
Fighting       | 3 |  3.0
Axes           | 4 5 |  5.3
Armour         | |  2.1
Dodging        | |  2.1
Stealth        | |  0.3

Action                   |  1- 3 |  4- 6 || total
-------------------------+-------+-------++-------
Melee: Hand axe          |   103 |       ||   103
       Whip              |    26 |     1 ||    27
  Use: Potion            |       |     1 ||     1
 Stab: Sleeping          |     1 |       ||     1
  Eat: Royal jelly       |     1 |       ||     1
Armor: Animal skin       |     3 |       ||     3
       Ring mail         |    41 |     1 ||    42
Dodge: Dodged            |    82 |     3 ||    85
